 Dungeon Crawl Stone Soup version 0.26.1-11-gd32895ea62 (webtiles) character file.

Game seed: 13695846411442670315

12844 Almogavar the Fencer (level 11, -5/102 HPs)
             Began as a Minotaur Berserker on July 6, 2021.
             Was an Elder of Trog.
             Slain by an orc warrior
             ... wielding a +0 dire flail
             ... led by an orc warlord
              (17 damage)
             ... while paralysed by an orc sorcerer
             ... on level 2 of the Orcish Mines.
             The game lasted 00:30:14 (14077 turns).

Almogavar the Fencer (Minotaur Berserker)          Turns: 14077, Time: 00:30:15

Health: -5/102     AC: 10    Str: 26    XL:     11   Next: 67%
Magic:  10/10      EV:  2    Int:  4    God:    Trog [****..]
Gold:   788        SH:  0    Dex: 15    Spells: 10/10 levels left

rFire    . . .     SeeInvis .   L - +5 triple sword (vorpal)
rCold    + . .     Faith    .   (shield currently unavailable)
rNeg     . . .     Spirit   .   X - +0 leather armour {rC+}
rPois    .         Reflect  .   (helmet restricted)
rElec    .         Harm     .   J - +2 cloak
rCorr    .         Rampage  .   a - +0 pair of gloves
Will     .....                  F - +1 pair of boots
Stlth    ++........             T - amulet of the acrobat
HPRegen  0.27/turn              q - +6 ring of dexterity
MPRegen  0.12/turn              u - ring of stealth

@: paralysed
A: retaliatory headbutt, horns 2
a: Renounce Religion, Berserk, Trog's Hand, Brothers in Arms


You were on level 2 of the Orcish Mines.
You worshipped Trog.
Trog was greatly pleased with you.
You visited 2 branches of the dungeon, and saw 12 of its levels.
You also visited: Ossuary and Bailey.

You collected 1228 gold pieces.
You spent 440 gold pieces at shops.

Inventory:

Hand Weapons
 b - a +3 scimitar
 G - a +2 hand axe of flaming
 L - a +5 vorpal triple sword (weapon)
 S - a +0 hunting sling of flaming
 Y - a cursed -3 hand crossbow
Missiles
 c - 303 stones
 k - 72 bolts
 y - 50 sling bullets
Armour
 a - a +0 pair of gloves (worn)
 d - a +0 plate armour
 l - a +0 scale mail
 m - a +0 chain mail
 D - a +0 ring mail
 F - a +1 pair of boots (worn)
 J - a +2 cloak (worn)
 X - a +0 leather armour of cold resistance (worn)
Jewellery
 h - an uncursed ring of ice
 n - a +6 ring of intelligence
 q - a +6 ring of dexterity (left hand)
 u - a ring of stealth (right hand)
 T - an amulet of the acrobat (around neck)
 W - an uncursed ring of ice
Wands
 s - a wand of enslavement (14)
 w - a wand of paralysis (9)
 x - a wand of flame (17)
 H - a wand of acid (10)
 I - a wand of disintegration (20)
Scrolls
 e - 5 scrolls of teleportation
 f - 9 scrolls of remove curse
 g - 6 scrolls of fog
 i - 3 scrolls of enchant armour
 p - 3 scrolls of magic mapping
 r - 2 scrolls of blinking
 v - 3 scrolls of enchant weapon {unknown}
 R - a scroll of random uselessness {unknown}
Potions
 j - 10 potions of curing
 o - 5 potions of heal wounds
 z - 3 potions of attraction {unknown}
 A - 4 potions of haste {unknown}
 B - 2 potions of magic {unknown}
 E - 2 potions of cancellation {unknown}
 K - a potion of might
 M - a potion of invisibility {unknown}
 N - 2 potions of mutation {unknown}
 O - 2 potions of degeneration {unknown}
 P - 2 potions of brilliance {unknown}
 Q - a potion of lignification {unknown}
 V - a potion of flight
Miscellaneous
 t - a phial of floods
 C - a condenser vane
 U - a phantom mirror


   Skills:
 + Level 11.3 Fighting
 + Level 15.8 Long Blades
 + Level 2.2 Slings
 + Level 5.2 Armour
 + Level 8.7 Dodging
 - Level 0.3 Stealth
 + Level 1.3 Evocations


You had 10 spell levels left.
You didn't know any spells.
Your spell library was empty.

Dungeon Overview and Level Annotations

Branches:
Dungeon (10/15)            Temple (0/1) D:7             Orc (2/2) D:10
Ossuary (visited)          Bailey (visited)
   Lair: D:8-11         Elf: Orc:2

Altars:
Cheibriados
Fedhas
Qazlal
Sif Muna
Vehumet
Wu Jian
Xom
Beogh

Shops:
D:9 [   D:10 }   Orc:1 =


Innate Abilities, Weirdness & Mutations

You reflexively headbutt those who attack you in melee.
You have a pair of horns on your head.


Message History

The orc hits you with a +2 flail of holy wrath!
The orc sorcerer casts a spell.
The orc priest hits you but does no damage.
An orc priest comes into view. It is wielding a +0 dagger.
The orc priest hits you with a +0 flail!
* * * LOW HITPOINT WARNING * * *
The orc hits you but does no damage.
The orc priest hits you but does no damage.
The orc warlord roars a battlecry!
The orc priest goes into a battle-frenzy!
The orc priest shouts!
The orc hits you with a +0 hand axe.
* * * LOW HITPOINT WARNING * * *
The orc priest completely misses you.
The orc hits you with a +2 flail of holy wrath!
* * * LOW HITPOINT WARNING * * *
The orc sorcerer howls an incantation.
The orc sorcerer shimmers violently.
The orc warrior hits you with a +0 dire flail!
You die...

...#........#..
$..........$#...
# o...#..........
.................
..$......o......
#......oo......
#.#.hoo4......
...##.oooooo$....
#....@Oo.......
#.....oooo$$..##
...........o.##.#
........$...... .
$.......#..4....
...$....<^.......
.#........$......
..............


You could see an orc warlord, a hellwing (summoned), a warg, 2 orc sorcerers, a
red devil (summoned), 6 orc warriors, an ogre, 2 orc priests and 7 orcs.

Vanquished Creatures
  An ogre mage (D:10)
  Erolcha (D:10)
  Fannar (D:10)
  3 two-headed ogres
  An orc high priest (D:10)
  Pikel (D:7)
  A cyclops (D:10)
  An orc sorcerer (Orc:1)
  A wraith (Ossuary)
  A warg (D:10)
  2 water moccasins
  2 black bears
  16 orc warriors
  2 sky beasts (D:6)
  An eye of draining (D:10)
  3 centaurs
  8 ogres
  A necrophage (D:9)
  A phantom (D:7)
  A lemure (D:7)
  8 bullfrogs
  4 big kobolds
  A scorpion (D:8)
  7 killer bees
  4 wights (D:6)
  7 howler monkeys
  5 hounds
  2 centaur skeletons
  2 jellies
  11 orc priests
  A human zombie (Ossuary)
  14 orc wizards
  Ijyb (D:5)
  4 iguanas
  12 worker ants
  A hound skeleton (D:4)
  3 mummies (Ossuary)
  7 gnolls
  4 adders
  A shadow imp (D:8)
  2 ufetubi
  2 adder zombies
  3 worms
  5 dart slugs
  4 leopard geckos
  55 orcs
  4 ball pythons
  5 giant cockroaches
  5 hobgoblins
  21 jackals
  6 quokkas
  7 bats
  3 frilled lizards (D:2)
  9 goblins
  3 goblin zombies (Ossuary)
  2 hobgoblin zombies (Ossuary)
  38 kobolds
  4 kobold zombies (Ossuary)
  A leopard gecko zombie (D:6)
  12 rats
339 creatures vanquished.

Vanquished Creatures (others)
  A hound (D:7)
  7 orcs
8 creatures vanquished.

Grand Total: 347 creatures vanquished

Notes
Turn   | Place    | Note
-------+----------+-------------------------------------------
     0 | D:1      | Almogavar the Minotaur Berserker began the quest for the
                  | Orb.
     0 | D:1      | Reached XP level 1. HP: 19/19 MP: 0/0
   181 | D:1      | Reached skill level 4 in Long Blades
   181 | D:1      | Reached XP level 2. HP: 27/27 MP: 1/1
   608 | D:1      | Found a snail-covered altar of Cheibriados.
   610 | D:1      | Found a stormy altar of Qazlal.
   610 | D:1      | Found a shimmering altar of Xom.
   613 | D:1      | Found a stormy altar of Qazlal.
   613 | D:1      | Found a blossoming altar of Fedhas.
   613 | D:1      | Found a snail-covered altar of Cheibriados.
   759 | D:1      | Reached ** piety under Trog
  1054 | D:2      | Reached XP level 3. HP: 32/33 MP: 2/2
  1077 | D:2      | Found an ornate altar of the Wu Jian Council.
  1651 | D:2      | Noticed a killer bee
  1651 | D:2      | Noticed a killer bee
  1652 | D:2      | Noticed a killer bee
  1658 | D:2      | Killed a killer bee
  1659 | D:2      | Reached skill level 5 in Long Blades
  1659 | D:2      | Reached XP level 4. HP: 41/41 MP: 3/3
  1660 | D:2      | Reached XP level 5. HP: 47/47 MP: 4/4
  1928 | D:2      | Reached skill level 6 in Long Blades
  2229 | D:2      | Reached *** piety under Trog
  3071 | D:3      | Reached skill level 5 in Fighting
  3146 | D:3      | Found a shimmering blue altar of Sif Muna.
  3518 | D:3      | Reached XP level 6. HP: 56/56 MP: 5/5
  4450 | D:4      | Found the +2 hood of the Assassin {Detection Stab+ Stlth++}
  4483 | D:4      | HP: 2/56 [something (3)]
  4987 | D:4      | Reached **** piety under Trog
  5291 | D:4      | Reached skill level 7 in Long Blades
  5427 | D:5      | Entered Level 5 of the Dungeon
  5431 | D:5      | Reached XP level 7. HP: 53/62 MP: 6/6
  5445 | D:5      | Reached skill level 5 in Dodging
  5631 | D:5      | Noticed Ijyb
  5640 | D:5      | Killed Ijyb
  5859 | D:5      | Reached skill level 8 in Long Blades
  6119 | D:5      | Found a radiant altar of Vehumet.
  6982 | D:6      | Reached XP level 8. HP: 67/71 MP: 7/7
  7214 | D:6      | Reached skill level 9 in Long Blades
  8391 | D:7      | Reached skill level 10 in Long Blades
  8623 | D:7      | Reached XP level 9. HP: 81/81 MP: 8/8
  8768 | D:7      | Noticed Pikel
  8785 | D:7      | Killed Pikel
  8786 | D:7      | Reached skill level 11 in Long Blades
  8925 | D:7      | Reached ***** piety under Trog
  8949 | D:7      | Found a staircase to the Ecumenical Temple.
  8959 | D:7      | Reached skill level 1 in Evocations
  9437 | D:8      | Found a sand-covered staircase.
  9449 | Ossuary  | Entered an ossuary
  9490 | Ossuary  | Received a gift from Trog
  9727 | Ossuary  | Reached skill level 12 in Long Blades
 10047 | D:8      | Noticed a two-headed ogre
 10050 | D:8      | Killed a two-headed ogre
 10051 | D:8      | Reached XP level 10. HP: 93/93 MP: 9/9
 10324 | D:8      | Noticed a two-headed ogre
 10328 | D:8      | Reached skill level 10 in Fighting
 10332 | D:8      | Killed a two-headed ogre
 10333 | D:8      | Reached skill level 13 in Long Blades
 11194 | D:9      | Found Yhum's Antique Armour Emporium.
 11266 | D:9      | Noticed a two-headed ogre
 11273 | D:9      | Killed a two-headed ogre
 11365 | D:10     | Entered Level 10 of the Dungeon
 11474 | D:10     | Found Owuakimp's Gadget Emporium.
 11514 | D:10     | Noticed Fannar
 11557 | D:10     | Found a flagged portal.
 11566 | Bailey   | Entered a bailey
 11629 | Bailey   | Reached skill level 14 in Long Blades
 12062 | D:10     | Reached skill level 1 in Slings
 12089 | D:10     | Killed Fannar
 12090 | D:10     | Reached XP level 11. HP: 95/101 MP: 10/10
 12243 | D:10     | Found a staircase to the Orcish Mines.
 12271 | D:10     | Reached skill level 5 in Armour
 12534 | D:10     | Found a transporter.
 12536 | D:10     | Noticed an orc high priest
 12537 | D:10     | Found a roughly hewn altar of Beogh.
 12537 | D:10     | Found a transporter.
 12539 | D:10     | Noticed an ogre mage
 12549 | D:10     | Killed an ogre mage
 12564 | D:10     | Noticed a sun demon
 12566 | D:10     | Killed an orc high priest
 12567 | D:10     | Reached skill level 15 in Long Blades
 13005 | D:10     | Bought a condenser vane for 440 gold pieces
 13146 | Orc:1    | Entered Level 1 of the Orcish Mines
 13146 | Orc:1    | Noticed Erolcha
 13150 | Orc:1    | Paralysed by Erolcha for 6 turns
 13432 | D:10     | Killed Erolcha
 13679 | Orc:1    | Found Fammath's Jewellery Emporium.
 13944 | Orc:1    | Noticed an orc sorcerer
 13950 | Orc:1    | Killed an orc sorcerer
 14070 | Orc:2    | Entered Level 2 of the Orcish Mines
 14070 | Orc:2    | Noticed an orc sorcerer
 14070 | Orc:2    | Noticed an orc warlord
 14070 | Orc:2    | Noticed an orc sorcerer
 14072 | Orc:2    | Paralysed by an orc sorcerer for 7 turns
 14077 | Orc:2    | Slain by an orc warrior

Illustrated notes

Levels and vault maps discovered:
D:1:      erik_arrival_orb_chamber, layout_basic, serial_bayou_pond_e,
          doesnt_xom_only_xom
D:2:      layout_loops_ring, nicolae_overflow_crystal_walls,
          kennysheep_generic_room_14
D:3:      layout_loops_corners, led_sif_book
D:4:      layout_gridville, lemuel_old_faithful
D:5:      layout_cave_pools, chequers_serial_rivers_micro_e,
          vehumet_altar_wand_db, uniq_ijyb
D:6:      layout_loops_corners
D:7:      layout_loops_ring, minmay_temple_entry_arrows, uniq_pikel
D:8:      layout_loops_ring, nicolae_ossuary_entry_ruins, grunt_decor_fettered,
          minmay_statues_item, minmay_misc_feat_ornament
D:9:      layout_rooms, serial_shops, nicolae_shop_stone
D:10:     gammafunk_beogh_shrine, layout_basic, david_orc_1_choice,
          enter_bailey_2, serial_shops, shop, uniq_fannar
Orc:1:    layout_diamond_mine, serial_shops, shop, uniq_erolcha
Orc:2:    st_orc_elflike, layout_caves, special_room, serial_shops,
          nicolae_shop_trees

Skill      XL: |  1  2  3  4  5  6  7  8  9 10 11 |
---------------+----------------------------------+-----
Long Blades    | 4 5 6 7 8 10 12 14 15 | 15.8
Fighting       | 4 5 6 8 9 10 11 | 11.3
Dodging        | 3 4 5 6 7 8 |  8.7
Armour         | 3 4 5 |  5.2
Evocations     | 1 |  1.3
Slings         | 2 |  2.2
Stealth        | |  0.3

Action                   |  1- 3 |  4- 6 |  7- 9 | 10-12 || total
-------------------------+-------+-------+-------+-------++-------
Melee: Falchion          |    92 |   150 |   126 |       ||   368
       Headbutt          |    10 |    29 |    80 |    48 ||   167
       Scimitar          |       |       |   118 |       ||   118
       Triple sword      |       |       |     4 |   180 ||   184
 Fire: Hunting sling     |       |       |       |    15 ||    15
Invok: Berserk           |     3 |     1 |     3 |     2 ||     9
       Trog's Hand       |       |     1 |     2 |     1 ||     4
Evoke: Wand              |       |       |     3 |       ||     3
  Use: Scroll            |       |     4 |     8 |     1 ||    13
       Potion            |       |     1 |       |     3 ||     4
 Stab: Sleeping          |       |     2 |     8 |     4 ||    14
       Distracted        |       |       |       |     2 ||     2
Armor: Animal skin       |    21 |    25 |     4 |       ||    50
       Leather armour    |       |       |    25 |    50 ||    75
Dodge: Dodged            |    68 |    88 |   157 |   240 ||   553
       Rpst.: Falchion   |    11 |    17 |    16 |       ||    44
       Scimitar          |       |       |    20 |       ||    20
       Triple sword      |       |       |     1 |    39 ||    40
